SNL (28 & UNDER)
WEST VIRGINIA POWER @ BLACKIRON DRAGONS
09/10/2025
 
TOP OF THE 1ST
West Virginia Power batting - Pitching for BlackIron Dragons : RHP Juan Gutiérrez
Pitching: RHP Juan Gutiérrez
Batting: LHB Júlio Martínez 0-0: Ball
1-0: DOUBLE (Groundball, 5)
Batting: LHB Héctor Cruz 0-0: Called Strike
0-1: Called Strike
Júlio Martínez steals 3rd base
0-2: Ball
1-2: Ball
2-2: Ball
3-2: Ground out 6-3 (Groundball, 6M)
Júlio Martínez scores
Batting: RHB Lance Wolf 0-0: Ball
1-0: Ground out 5-3 (Groundball, 56)
Batting: RHB Dave McGrath 0-0: Called Strike
0-1: Ball
1-1: Foul Ball, location: 2F
1-2: Ball
2-2: Strikes out swinging
Top of the 1st over - 1 run(s), 1 hit(s), 0 error(s), 0 left on base; West Virginia 1 - BlackIron 0
BOTTOM OF THE 1ST
BlackIron Dragons batting - Pitching for West Virginia Power : RHP Aaron Thrash
Pitching: RHP Aaron Thrash
Batting: LHB Donnie Cunningham 0-0: Fly out, F8 (Flyball, 78M)
Batting: RHB Boyd Pittman 0-0: Ball
1-0: SINGLE (Line Drive, 56)
Batting: RHB Gil Palmer 0-0: Ball
1-0: Ball
2-0: Ball
3-0: Called Strike
3-1: Foul Ball, location: 2F
3-2: Fly out, F9 (Flyball, 89S)
Batting: LHB Chris Waggoner 0-0: Foul Ball, location: 2F
0-1: Foul Ball, location: 2F
0-2: Ball
1-2: Strikes out swinging
Bottom of the 1st over - 0 run(s), 1 hit(s), 0 error(s), 1 left on base; West Virginia 1 - BlackIron 0
TOP OF THE 2ND
West Virginia Power batting - Pitching for BlackIron Dragons : RHP Juan Gutiérrez
Batting: RHB Gonzalo Gil 0-0: Ball
1-0: Foul Ball, location: 2F
1-1: Foul Ball, location: 2F
1-2: Ball
2-2: Ground out 6-3 (Groundball, 56)
Batting: RHB Ben Dougherty 0-0: Swinging Strike
0-1: Ball
1-1: Ball
2-1: Foul Ball, location: 2F
2-2: Strikes out looking
Batting: SHB Waylon Adams 0-0: Foul Ball, location: 2F
0-1: Ball
1-1: Ball
2-1: Swinging Strike
2-2: Strikes out swinging
Top of the 2nd over - 0 run(s), 0 hit(s), 0 error(s), 0 left on base; West Virginia 1 - BlackIron 0
BOTTOM OF THE 2ND
BlackIron Dragons batting - Pitching for West Virginia Power : RHP Aaron Thrash
Batting: RHB Juan Hernández 0-0: Called Strike
0-1: Ball
1-1: Called Strike
1-2: Foul Ball, location: 2F
1-2: Strikes out swinging
Batting: RHB Frank Maxwell 0-0: Called Strike
0-1: Ground out 4-3 (Groundball, 4)
Batting: RHB Mark Arnold 0-0: Ball
1-0: Ball
2-0: Ball
3-0: Base on Balls
Batting: RHB Doug O'Brien 0-0: SINGLE (Groundball, 6MD)
Mark Arnold to second
Batting: RHB Eugene Payne 0-0: Foul Ball, location: 2F
0-1: Fly out, F8 (Flyball, 8RM)
Bottom of the 2nd over - 0 run(s), 1 hit(s), 0 error(s), 2 left on base; West Virginia 1 - BlackIron 0
TOP OF THE 3RD
West Virginia Power batting - Pitching for BlackIron Dragons : RHP Juan Gutiérrez
Batting: LHB Héctor Soto 0-0: Reached on error, E5 (Groundball, 56)
Batting: RHB Mike Ingram 0-0: SINGLE (Flyball, 89S)
Héctor Soto to second
Runner from 2nd tries for 3rd, SAFE, throw made to third
Batting: LHB Júlio Martínez 0-0: Ball
1-0: Ball
2-0: Called Strike
2-1: Called Strike
Mike Ingram steals 2nd base
2-2: Ball
3-2: Base on Balls
Batting: LHB Héctor Cruz 0-0: Fly out, F7 (Flyball, 7M)
Runner from 3rd tags up, SCORES, throw made
Batting: RHB Lance Wolf 0-0: Ball
1-0: Ball
2-0: Ball
3-0: Base on Balls
Mike Ingram to third
Júlio Martínez to second
Batting: RHB Dave McGrath 0-0: Ball
1-0: Ball
2-0: Swinging Strike
2-1: Foul Ball, location: 2F
2-2: Strikes out swinging
Batting: RHB Gonzalo Gil 0-0: Called Strike
0-1: Ball
1-1: Swinging Strike
1-2: Ball
2-2: Fly out, F8 (Flyball, 8LM)
Top of the 3rd over - 1 run(s), 1 hit(s), 1 error(s), 3 left on base; West Virginia 2 - BlackIron 0
BOTTOM OF THE 3RD
BlackIron Dragons batting - Pitching for West Virginia Power : RHP Aaron Thrash
Batting: LHB Donnie Cunningham 0-0: SINGLE (Groundball, 6M)
Batting: RHB Boyd Pittman 0-0: Swinging Strike
0-1: SINGLE (Line Drive, 8LS)
Donnie Cunningham to second
Batting: RHB Gil Palmer 0-0: Called Strike
0-1: Swinging Strike
0-2: Strikes out swinging
Batting: LHB Chris Waggoner 0-0: Foul Ball, location: 2F
0-1: Fielders Choice at 2nd, 4-6 (Groundball, 4)
Donnie Cunningham to third
Batting: RHB Juan Hernández 0-0: Called Strike
0-1: Foul Ball, location: 2F
0-2: Ball
1-2: Ground out 5-3 (Groundball, 5S)
Bottom of the 3rd over - 0 run(s), 2 hit(s), 0 error(s), 2 left on base; West Virginia 2 - BlackIron 0
TOP OF THE 4TH
West Virginia Power batting - Pitching for BlackIron Dragons : RHP Juan Gutiérrez
Batting: RHB Ben Dougherty 0-0: Called Strike
0-1: Foul Ball, location: 2F
0-2: Ball
1-2: SOLO HOME RUN (Flyball, 7LD), Distance : 386 ft
Batting: SHB Waylon Adams 0-0: Foul Ball, location: 2F
0-1: Ball
1-1: Ground out 6-3 (Groundball, 6)
Batting: LHB Héctor Soto 0-0: Ball
1-0: Ball
2-0: Called Strike
2-1: Foul Ball, location: 2F
2-2: DOUBLE (Line Drive, 7LS)
Batting: RHB Mike Ingram 0-0: Ball
1-0: Ball
2-0: Called Strike
2-1: Ball
3-1: SINGLE (Groundball, 6D) (infield hit)
Héctor Soto to third
Batting: LHB Júlio Martínez 0-0: Ball
Mike Ingram steals 2nd base
1-0: SINGLE (Groundball, 34D)
Héctor Soto scores
Mike Ingram to third
Runner from 3rd tries for Home, SAFE, no throw or cutoff
Batting: LHB Héctor Cruz 0-0: Ball
Júlio Martínez steals 2nd base
1-0: DOUBLE (Line Drive, 5L)
Júlio Martínez scores
Batting: RHB Lance Wolf 0-0: Called Strike
0-1: Ball
1-1: Ball
2-1: Ground out 1-3 (Groundball, 25)
Batting: RHB Dave McGrath 0-0: Foul Ball, location: 2F
0-1: Called Strike
0-2: Ball
1-2: Foul Ball, location: 2F
1-2: Strikes out swinging
Top of the 4th over - 4 run(s), 5 hit(s), 0 error(s), 1 left on base; West Virginia 6 - BlackIron 0
BOTTOM OF THE 4TH
BlackIron Dragons batting - Pitching for West Virginia Power : RHP Aaron Thrash
Batting: RHB Frank Maxwell 0-0: Ball
1-0: Foul Ball, location: 2F
1-1: DOUBLE (Flyball, 89D)
Batting: RHB Mark Arnold 0-0: Ball
1-0: Called Strike
1-1: Called Strike
1-2: Ball
2-2: Strikes out swinging
Batting: RHB Doug O'Brien 0-0: Called Strike
0-1: Ball
1-1: Fly out, F9 (Flyball, 9M)
Batting: RHB Eugene Payne 0-0: Ball
1-0: Called Strike
1-1: Foul Ball, location: 2F
1-2: DOUBLE (Line Drive, 5L)
Frank Maxwell scores
Batting: LHB Donnie Cunningham 0-0: SINGLE (Line Drive, 7S)
Eugene Payne to third
Runner from 3rd tries for Home, SAFE, no throw or cutoff
Batting: RHB Boyd Pittman 0-0: Called Strike
0-1: Ground out 5-3 (Groundball, 5S)
Bottom of the 4th over - 2 run(s), 3 hit(s), 0 error(s), 1 left on base; West Virginia 6 - BlackIron 2
TOP OF THE 5TH
West Virginia Power batting - Pitching for BlackIron Dragons : RHP Juan Gutiérrez
Batting: RHB Gonzalo Gil 0-0: SINGLE (Groundball, 5L)
Batting: RHB Ben Dougherty 0-0: Called Strike
0-1: Grounds into double play, 4-6-3 (Groundball, 4)
Batting: SHB Waylon Adams 0-0: Ball
1-0: Ball
2-0: Called Strike
2-1: SINGLE (Line Drive, 78S)
Batting: LHB Héctor Soto 0-0: Swinging Strike
0-1: Ball
1-1: Called Strike
1-2: Ball
2-2: Fielders Choice at 2nd, 6-4 (Groundball, 6)
Top of the 5th over - 0 run(s), 2 hit(s), 0 error(s), 0 left on base; West Virginia 6 - BlackIron 2
BOTTOM OF THE 5TH
BlackIron Dragons batting - Pitching for West Virginia Power : RHP Aaron Thrash
Batting: RHB Gil Palmer 0-0: Swinging Strike
0-1: Swinging Strike
0-2: Foul Ball, location: 2F
0-2: Ball
1-2: Ball
2-2: SINGLE (Groundball, 4MD)
Batting: LHB Chris Waggoner 0-0: Called Strike
0-1: Ball
1-1: Ball
2-1: Swinging Strike
2-2: Strikes out swinging
Batting: RHB Juan Hernández 0-0: Ball
1-0: Called Strike
1-1: Ball
2-1: Ball
3-1: Base on Balls
Gil Palmer to second
Batting: RHB Frank Maxwell 0-0: Ground out 5-3 (Groundball, 5S)
Gil Palmer to third
Juan Hernández to second
Batting: RHB Mark Arnold 0-0: Ground out 6-3 (Groundball, 6M)
Bottom of the 5th over - 0 run(s), 1 hit(s), 0 error(s), 2 left on base; West Virginia 6 - BlackIron 2
TOP OF THE 6TH
West Virginia Power batting - Pitching for BlackIron Dragons : RHP Juan Gutiérrez
Pitching: RHP Ken Burris
Batting: RHB Mike Ingram 0-0: Fly out, F3 (Popup, 3DF)
Batting: LHB Júlio Martínez 0-0: Called Strike
0-1: Ball
1-1: Fly out, F7 (Line Drive, 78S)
Batting: LHB Héctor Cruz 0-0: Ball
1-0: Ball
2-0: DOUBLE (Groundball, 3L)
Batting: RHB Lance Wolf 0-0: Called Strike
0-1: Swinging Strike
0-2: Foul Ball, location: 2F
0-2: Foul Ball, location: 2F
0-2: Foul Ball, location: 2F
0-2: Ball
1-2: Strikes out swinging
Top of the 6th over - 0 run(s), 1 hit(s), 0 error(s), 1 left on base; West Virginia 6 - BlackIron 2
BOTTOM OF THE 6TH
BlackIron Dragons batting - Pitching for West Virginia Power : RHP Aaron Thrash
Batting: RHB Doug O'Brien 0-0: Ball
1-0: Called Strike
1-1: Ball
2-1: Foul Ball, location: 2F
2-2: Strikes out looking
Batting: RHB Eugene Payne Single, Error in OF, E8, batter to second base
Batting: LHB Donnie Cunningham 0-0: Called Strike
0-1: Ball
1-1: Swinging Strike
1-2: Ground out 5-3 (Groundball, 56S)
Eugene Payne to third
Batting: RHB Boyd Pittman 0-0: Called Strike
0-1: Ball
1-1: Ball
2-1: Ball
3-1: Foul Ball, location: 2F
3-2: Strikes out looking
Bottom of the 6th over - 0 run(s), 1 hit(s), 1 error(s), 1 left on base; West Virginia 6 - BlackIron 2
TOP OF THE 7TH
West Virginia Power batting - Pitching for BlackIron Dragons : RHP Ken Burris
Batting: RHB Dave McGrath 0-0: Swinging Strike
0-1: Ball
1-1: Called Strike
1-2: Ball
2-2: Ball
3-2: SINGLE (Groundball, 6MD)
Batting: RHB Gonzalo Gil 0-0: Foul Ball, location: 2F
0-1: Called Strike
0-2: TRIPLE (Flyball, 78M)
Dave McGrath scores
Batting: RHB Ben Dougherty 0-0: Ball
1-0: Ground out 1-3 (Groundball, 13)
Batting: SHB Waylon Adams 0-0: Ball
1-0: Ball
2-0: Ball
3-0: Base on Balls
Pitching: RHP Júlio Torres
Batting: LHB Héctor Soto 0-0: Called Strike
0-1: Called Strike
0-2: Strikes out swinging
Batting: RHB Mike Ingram 0-0: Called Strike
0-1: Called Strike
0-2: Fly out, F8 (Flyball, 8RXD)
Top of the 7th over - 1 run(s), 2 hit(s), 0 error(s), 2 left on base; West Virginia 7 - BlackIron 2
BOTTOM OF THE 7TH
BlackIron Dragons batting - Pitching for West Virginia Power : RHP Aaron Thrash
Batting: RHB Gil Palmer 0-0: Foul Ball, location: 2F
0-1: Swinging Strike
0-2: Ball
1-2: Strikes out swinging
Pitching: RHP Mark Osborne
Batting: LHB Chris Waggoner 0-0: Foul Ball, location: 2F
0-1: Ground out 1-3 (Groundball, 25)
Batting: RHB Juan Hernández 0-0: Ball
1-0: Ball
2-0: Foul Ball, location: 2F
2-1: Called Strike
2-2: Strikes out swinging
Bottom of the 7th over - 0 run(s), 0 hit(s), 0 error(s), 0 left on base; West Virginia 7 - BlackIron 2
TOP OF THE 8TH
West Virginia Power batting - Pitching for BlackIron Dragons : RHP Júlio Torres
Batting: LHB Júlio Martínez 0-0: SINGLE (Line Drive, 34)
Batting: LHB Héctor Cruz 0-0: Bunt missed!
0-1: Ball
1-1: Ball
Júlio Martínez steals 2nd base
2-1: Sac Bunt - play at first, batter OUT! 1-4
Júlio Martínez to third
Batting: RHB Lance Wolf 0-0: Ball
1-0: Ball
2-0: Called Strike
2-1: Foul Ball, location: 2F
2-2: Strikes out swinging
Batting: RHB Dave McGrath 0-0: Ground out 4-3 (Groundball, 34)
Top of the 8th over - 0 run(s), 1 hit(s), 0 error(s), 1 left on base; West Virginia 7 - BlackIron 2
BOTTOM OF THE 8TH
BlackIron Dragons batting - Pitching for West Virginia Power : RHP Mark Osborne
Now at 3B: Ron Guillén
Batting: RHB Frank Maxwell 0-0: Called Strike
0-1: Ball
1-1: Ball
2-1: Ground out 5-3 (Groundball, 56)
Batting: RHB Mark Arnold 0-0: Ball
1-0: Foul Ball, location: 2F
1-1: Ball
2-1: Called Strike
2-2: Strikes out looking
Batting: RHB Doug O'Brien 0-0: Ball
1-0: Ball
2-0: Called Strike
2-1: Swinging Strike
2-2: Fly out, F4 (Line Drive, 4M)
Bottom of the 8th over - 0 run(s), 0 hit(s), 0 error(s), 0 left on base; West Virginia 7 - BlackIron 2
TOP OF THE 9TH
West Virginia Power batting - Pitching for BlackIron Dragons : RHP Júlio Torres
Batting: RHB Gonzalo Gil 0-0: Ball
1-0: Ball
2-0: Called Strike
2-1: Ball
3-1: Base on Balls
Batting: RHB Ben Dougherty 0-0: Called Strike
0-1: Ball
1-1: Called Strike
1-2: Hit by Pitch
Gonzalo Gil to second
Batting: SHB Waylon Adams 0-0: Ball
1-0: Sac Bunt - play at first, batter OUT! 5-4
Gonzalo Gil to third
Ben Dougherty to second
Batting: LHB Héctor Soto 0-0: Ball
1-0: Called Strike
1-1: Ball
2-1: Ball
3-1: Foul Ball, location: 2F
3-2: Foul Ball, location: 2F
3-2: Base on Balls
Batting: RHB Mike Ingram 0-0: Ball
1-0: Fly out, F6 (Popup, 56D)
Batting: LHB Júlio Martínez 0-0: SINGLE (Groundball, 4M)
Gonzalo Gil scores
Ben Dougherty to third
Héctor Soto to second
Runner from 3rd tries for Home, SAFE, no throw or cutoff
Batting: LHB Héctor Cruz 0-0: Called Strike
0-1: Foul Ball, location: 2F
0-2: Ball
1-2: Fly out, F9 (Flyball, 89XD)
Top of the 9th over - 2 run(s), 1 hit(s), 0 error(s), 2 left on base; West Virginia 9 - BlackIron 2
BOTTOM OF THE 9TH
BlackIron Dragons batting - Pitching for West Virginia Power : RHP Mark Osborne
Batting: RHB Eugene Payne 0-0: Ball
1-0: Called Strike
1-1: Reached on Error, E8 (Flyball, 8LM)
Batting: LHB Donnie Cunningham 0-0: Foul Ball, location: 2F
0-1: Foul Ball, location: 2F
0-2: Foul Ball, location: 2F
0-2: Ball
1-2: Ball
2-2: Strikes out swinging
Batting: RHB Boyd Pittman 0-0: SINGLE (Groundball, 6D)
Eugene Payne to second
Batting: RHB Gil Palmer 0-0: DOUBLE (Flyball, 8LD)
Eugene Payne scores
Boyd Pittman to third
Batting: LHB Chris Waggoner 0-0: Foul Ball, location: 2F
0-1: Ball
1-1: Ball
2-1: Called Strike
2-2: SINGLE (Groundball, 34D)
Boyd Pittman scores
Gil Palmer to third
Runner from 3rd tries for Home, SAFE, no throw or cutoff
Pitching: RHP Mike Frank
Batting: RHB Juan Hernández 0-0: Ball
1-0: Foul Ball, location: 2F
1-1: Ball
2-1: Ball
3-1: Swinging Strike
3-2: Grounds into double play, 4-6-3 (Groundball, 4)
Bottom of the 9th over - 3 run(s), 3 hit(s), 1 error(s), 0 left on base; West Virginia 9 - BlackIron 5
This league is powered by Out of the Park Baseball, the baseball management simulation game for PC, Mac and Linux
Tuesday, August 2nd, 2016 - OOTP Baseball 16.8 Build 38